 Dungeon Crawl Stone Soup version 0.23-a0-558-g30802b1 (webtiles) character file.

324 zishaf the Grave Robber (level 6, -8/41 HPs)
             Began as a Mummy Necromancer on Dec 13, 2018.
             Mangled by an ogre
             ... wielding a +0 giant club
              (29 damage)
             ... on level 3 of the Dungeon.
             The game lasted 00:09:27 (3198 turns).

zishaf the Grave Robber (Mummy Necromancer)         Turns: 3198, Time: 00:09:28

Health: -8/41      AC:  4    Str: 12    XL:     6   Next: 23%
Magic:  4/12       EV: 13    Int: 16    God:
Gold:   130        SH:  0    Dex: 12    Spells: 4/13 levels left

rFire    x . .     SeeInvis +   p - +3 quarterstaff (chaos)
rCold    + . .     Gourm    .   (shield currently unavailable)
rNeg     + + +     Faith    .   a - +0 robe
rPois    ∞         Spirit   .   (no helmet)
rElec    .         Reflect  .   q - +0 cloak
rCorr    .         Harm     .   (no gloves)
MR       +....                  s - +0 pair of boots
Stlth    ++........             (no amulet)
HPRegen  0.13/turn              b - ring of protection from magic
MPRegen  0.13/turn              l - ring of see invisible

@: no status effects
A: no food or potions, fire vulnerability, cold resistance 1, negative energy
resistance 3, torment resistance, unbreathing
a: no special abilities


You were on level 3 of the Dungeon.
You were not hungry.

You visited 1 branch of the dungeon, and saw 4 of its levels.

You collected 130 gold pieces.

Inventory:

Hand Weapons
 g - a +0 hand axe
 p - a +3 quarterstaff of chaos (weapon)
Armour
 a - a +0 robe (worn)
 q - a +0 cloak (worn)
 s - a +0 pair of boots (worn)
Jewellery
 b - a ring of protection from magic (left hand)
 l - a ring of see invisible (right hand)
Scrolls
 c - a scroll of blinking {unknown}
 d - a scroll of magic mapping
 e - a scroll of teleportation
 h - a scroll of remove curse
 r - a scroll of enchant armour
 t - a scroll of immolation


   Skills:
 + Level 3.6 Dodging
 - Level 1.5 Stealth
 - Level 4.0 Spellcasting
 * Level 5.8 Necromancy


You had 4 spell levels left.
You knew the following spells:

 Your Spells              Type           Power        Failure   Level  Hunger
a - Pain                  Necr           ###.         1%          1    N/A
b - Animate Dead          Necr           N/A          16%         4    N/A
c - Animate Skeleton      Necr           N/A          1%          1    N/A
d - Vampiric Draining     Necr           ###.......   4%          3    N/A

Your spell library contained the following spells:

 Spells                   Type           Power        Failure   Level  Hunger
 Regeneration             Chrm/Necr      Unusable     N/A         3    N/A

Dungeon Overview and Level Annotations

Branches:
Dungeon (4/15)
 Temple: D:4-7

Altars:


Innate Abilities, Weirdness & Mutations

You do not eat or drink.
Your flesh is vulnerable to fire.
You are immune to poison.
Your flesh is cold resistant. (rC+)
You are immune to negative energy. (rN+++)
You are immune to unholy pain and torment.
You can survive without breathing.


Message History

Casting: Pain (safe; 1% risk of failure)
Confirm with . or Enter, or press ? or * to list all spells.
Aiming: Pain (safe; 1% risk of failure)
Press: ? - help, Shift-Dir - straight line, f/p - ogre
Aim: an ogre, wielding a +0 giant club (almost dead, chance to defeat MR: 78%)
The ogre writhes in agony!
You kill the ogre!
You have reached level 6!
Your experience leads to an increase in your attributes!
Increase (S)trength, (I)ntelligence, or (D)exterity?
You feel clever.
Casting: Pain (safe; 1% risk of failure)
Confirm with . or Enter, or press ? or * to list all spells.
Aiming: Pain (safe; 1% risk of failure)
Press: ? - help, Shift-Dir - straight line, f - ogre
Aim: an ogre, wielding a +0 giant club (almost dead, chance to defeat MR: 80%)
The ogre writhes in agony!
The ogre hits you with a +0 giant club!!
Ouch! That really hurt!
You die...

...#...# ..##....#### ....####
...........### ###.#
#.##....##.#.. #.# ..#.# #.#
#...##.#.# #.#
###.#.###.####...#.#.# #.#
..<#.##.....#...#.#.#
..#.##.....<.>.#.#.####
#####.#.##.....###......(..
......#.##@................
#.....O####.###.........
#......# #.# #.....Z... #.
#......# #.# #......... #.
#......# #.# #......... #.
#......####.###.#######.
#.#####.......................
###....########........#####....
#.........# .........#####...#


You could see an ogre.

Vanquished Creatures
  An ogre (D:3)
  A howler monkey (D:4)
  An orc wizard (D:3)
  A hound (D:4)
  A worker ant (D:4)
  3 gnolls
  2 dart slugs (D:1)
  A leopard gecko (D:1)
  2 orcs (D:3)
  A ball python (D:2)
  5 giant cockroaches
  6 goblins
  9 hobgoblins
  2 jackals (D:3)
  3 quokkas
  4 bats
  6 frilled lizards
  5 kobolds
  8 rats
62 creatures vanquished.

Vanquished Creatures (collateral kills)
  Crazy Yiuf (D:2)
  A dart slug (D:3)
  A leopard gecko (D:2)
  A jackal (D:4)
  2 goblins
  A rat (D:1)
7 creatures vanquished.

Grand Total: 69 creatures vanquished

Notes
Turn   | Place    | Note
-------+----------+-------------------------------------------
     0 | D:1      | zishaf the Mummy Necromancer began the quest for the Orb.
     0 | D:1      | Reached XP level 1. HP: 13/13 MP: 4/4
    10 | D:1      | Noticed a bullfrog
   113 | D:1      | Reached XP level 2. HP: 12/19 MP: 1/5
   327 | D:1      | Learned a level 1 spell: Animate Skeleton
   881 | D:1      | Reached XP level 3. HP: 20/24 MP: 7/7
  1637 | D:2      | Found a runed door.
  1714 | D:2      | Noticed Crazy Yiuf
  1724 | D:2      | Killed Crazy Yiuf
  1724 | D:2      | Reached XP level 4. HP: 11/30 MP: 4/9
  2208 | D:2      | You fall through a shaft for 2 floors!
  2219 | D:4      | Learned a level 4 spell: Animate Dead
  2223 | D:4      | Learned a level 3 spell: Vampiric Draining
  2249 | D:4      | Reached XP level 5. HP: 29/35 MP: 7/11
  2304 | D:4      | Reached skill level 5 in Necromancy
  2798 | D:3      | Noticed a two-headed ogre
  3166 | D:3      | Noticed an ogre
  3197 | D:3      | Killed an ogre
  3197 | D:3      | Reached XP level 6. HP: 21/41 MP: 4/12
  3198 | D:3      | Mangled by an ogre

Vault maps used:
D:1:      evilmike_arrival_come_back
D:2:      uniq_crazy_yiuf_cottage
D:4:      kennysheep_mini, temple_hall, uniq_menkaure

Skill      XL: |  1  2  3  4  5 |
---------------+----------------+-----
Dodging        | 2 3 |  3.6
Spellcasting   | 3 4 |  4.0
Necromancy     | 5 |  5.8
Stealth        | |  1.5

Action                   |  1- 3 |  4- 6 || total
-------------------------+-------+-------++-------
Melee: Unarmed           |    13 |       ||    13
       Hand axe          |    31 |       ||    31
       Quarterstaff      |       |    69 ||    69
 Cast: Pain              |    54 |    23 ||    77
       Animate Skeleton  |    11 |     5 ||    16
       Animate Dead      |       |     7 ||     7
  Use: Scroll            |       |     6 ||     6
 Stab: Sleeping          |     1 |     1 ||     2
Armor: Robe              |     8 |    16 ||    24
Dodge: Dodged            |    50 |    49 ||    99

Table legend:
 A = Non-vault XP
 B = Vault XP
 C = Vault XP percentage of total XP
 D = Non-vault monster count
 E = Vault monster count
 F = Vault count percentage of total count
                 A         B        C        D         E       F
            +---------+---------+-------+---------+---------+-------
      Total |     429 |      35 |   7.5 |      68 |       1 |   1.4
            +---------+---------+-------+---------+---------+-------
        D:1 |      56 |       0 |   0.0 |      25 |       0 |   0.0
        D:2 |      59 |      35 |  37.2 |      22 |       1 |   4.3
        D:3 |     187 |       0 |   0.0 |      16 |       0 |   0.0
        D:4 |     127 |       0 |   0.0 |       5 |       0 |   0.0
            +---------+---------+-------+---------+---------+-------
